 Dungeon Crawl Stone Soup version 0.30-a0-743-gbfdf073431 (webtiles) character file.

Game seed: 9930786180369937228

2139 gelatine the Stinger (level 9, -11/65 HPs)
             Began as a Demonspawn Venom Mage on Feb 6, 2023.
             Was an Initiate of Sif Muna.
             Mangled by a seven-headed hydra (14 damage)
             ... on level 7 of the Dungeon on Feb 7, 2023.
             The game lasted 00:23:48 (8341 turns).

gelatine the Stinger (Demonspawn Venom Mage)        Turns: 8341, Time: 00:23:49

Health: -11/65     AC:  8    Str:  9    XL:     9   Next: 9%
Magic:  14/15      EV: 14    Int: 21    God:    Sif Muna [......]
Gold:   319        SH:  5    Dex: 19    Spells: 6/16 levels left

rFire   . . .      SeeInvis .    D - +0 demon blade
rCold   + . .      Faith    .    (no shield)
rNeg    . . .      Spirit   .    z - +0 leather armour {rC+}
rPois   .          Reflect  +    y - +0 helmet
rElec   .          Harm     .    d - +0 cloak
rCorr   +          Rampage  .    k - +0 pair of gloves
Will    .....                    v - +1 pair of boots
Stlth   ++++                     x - amulet of Ywuing {Reflect rCorr Dex+2 SH+5}
HPRegen 0.30/turn                (no ring)
MPRegen 0.14/turn                (no ring)

@: mighty, about to teleport, very slightly contaminated
A: thin skeletal structure 2, powered by pain 1, demonic touch 2
a: Renounce Religion


You were on level 7 of the Dungeon.
You worshipped Sif Muna.
Sif Muna was noncommittal.
You visited 2 branches of the dungeon, and saw 8 of its levels.
You also visited: Sewer.

You collected 319 gold pieces.

Inventory:

Hand Weapons
 C - the +1 dagger "Hydrabane" {heavy, +Blink rPois Dex-4}
   (You found it on level 5 of the Dungeon)

   Dex:       It affects your dexterity (-4).
   rPois:     It protects you from poison.
   +Blink:    It lets you blink.
 D - a +0 demon blade (weapon)
Missiles
 F - 2 atropa-tipped darts
Armour
 a - a +0 robe
 d - a +0 cloak (worn)
 e - the +1 ring mail "Teipt" {Harm Int+4}
   (You found it on level 7 of the Dungeon)

   Int:       It affects your intelligence (+4).
   Harm:      It increases damage dealt and taken.
 k - a +0 pair of gloves (worn)
 m - a +1 helmet of intelligence
 v - a +1 pair of boots (worn)
 y - a +0 helmet (worn)
 z - a +0 leather armour of cold resistance (worn)
Jewellery
 x - the amulet of Ywuing (around neck) {Reflect rCorr Dex+2 SH+5}
   (You found it on level 4 of the Dungeon)

   [amulet of reflection]

   It reflects blocked missile attacks.
   Dex:       It affects your dexterity (+2).
   rCorr:     It protects you from acid and corrosion.
   SH:        It affects your SH (+5).
Wands
 u - a wand of polymorph (10)
Scrolls
 g - a scroll of vulnerability
 i - 3 scrolls of teleportation
 j - a scroll of silence
 n - a scroll of immolation
 o - a scroll of poison {unknown}
 p - 3 scrolls of enchant weapon {unknown}
 q - 2 scrolls of amnesia {unknown}
 r - a scroll of magic mapping {unknown}
 w - a scroll of torment {unknown}
 A - a scroll of summoning {unknown}
 B - a scroll of brand weapon {unknown}
 G - a scroll of enchant armour {unknown}
Potions
 c - 3 potions of mutation
 f - 2 potions of cancellation
 h - a potion of curing
 l - a potion of berserk rage {unknown}
 s - a potion of resistance
 E - a potion of might


   Skills:
 * Level 3.8 Fighting
 + Level 0.9(1.1) Short Blades
 + Level 0.8(1.1) Long Blades
 * Level 0.4 Armour
 * Level 4.4 Dodging
 + Level 2.4 Stealth
 + Level 1.2 Shields
 + Level 0.1 Unarmed Combat
 + Level 4.4 Spellcasting
 * Level 1.6 Conjurations
 * Level 4.9 Transmutations
 * Level 1.1 Air Magic
 * Level 6.8 Poison Magic
 * Level 0.6 Evocations


You had 6 spell levels left.
You knew the following spells:

 Your Spells              Type           Power      Damage    Failure   Level
a - Sting                 Tmut/Pois      100%       1d8       1%          1
b - Poisonous Vapours     Pois/Air       42%        N/A       4%          2
c - Mephitic Cloud        Conj/Pois/Air  18%        N/A       12%         3
d - Olgreb's Toxic Radia  Pois           33%        N/A       10%         4

Your spell library contained the following spells:

 Spells                   Type           Power      Damage    Failure   Level
 Passwall                 Tmut/Erth      12%        N/A       9%          2
 Slow                     Hex            16%        N/A       16%         1
 Ensorcelled Hibernation  Hex/Ice        8%         N/A       24%         2
 Lesser Beckoning         Tloc           8%         N/A       24%         2
 Swiftness                Air            9%         N/A       30%         3
 Confusing Touch          Hex            4%         N/A       43%         3
 Gell's Gravitas          Tloc           4%         N/A       43%         3
 Teleport Other           Tloc           4%         N/A       43%         3
 Vampiric Draining        Necr           4%         2d6       43%         3


Dungeon Overview and Level Annotations

Branches:
Dungeon (7/15)             Temple (1/1) D:6           Sewer (visited)

Altars:
Ashenzari
Cheibriados
Dithmenos
Fedhas
Hepliaklqana
Kikubaaqudgha
Makhleb
Nemelex Xobeh
Okawaru
Qazlal
Ru
Sif Muna
Trog
Uskayaw
Vehumet
Wu Jian
Xom
Yredelemnul


Innate Abilities, Weirdness & Mutations

You have a moderately thin skeletal structure. (Dex +4, Stealth++)
You sometimes gain a little power by taking damage.
Your touch may inflict irresistible damage on your foes.


Message History

The centaur warrior hits itself with a +3 quick blade of distortion.
Space warps horribly around the centaur warrior.
The centaur warrior kicks itself but does no damage.
Casting: Sting (safe; 1% risk of failure)
Confirm with . or Enter, or press ? or * to list all spells.
Aiming: Sting (safe; 1% risk of failure)
Press: ? - help, Shift-Dir - straight line, f/p - centaur warrior
Aim: a centaur warrior, wielding a +3 quick blade of distortion and wearing an amulet of guardian spirit (moderately wounded, confused, very poisoned, 95% to hit)
The sting hits the shadow imp but does no damage.
The shadow imp is poisoned.
The shadow imp gestures at you. Pain shoots through your body!
The centaur warrior screams, "I'll kill you anyway!"
The centaur warrior hits the shadow imp with a +3 quick blade of distortion!
The shadow imp is killed!
Sif Muna accepts your kill.
You hear a loud, deep croak!
Casting: Sting (safe; 1% risk of failure)
Confirm with . or Enter, or press ? or * to list all spells.
Aiming: Sting (safe; 1% risk of failure)
Press: ? - help, Shift-Dir - straight line, f/p - centaur warrior
Aim: a centaur warrior, wielding a +3 quick blade of distortion and wearing an amulet of guardian spirit (heavily wounded, confused, very poisoned, 95% to hit)
You miscast Sting.
You are very lightly contaminated with residual magic.
Nothing appears to happen.
You hear a roar!
A six-headed hydra comes into view.
As you read the scroll of teleportation, it crumbles to dust.
You feel strangely unstable.
You miss the bullfrog. The bullfrog hits you.
You slice one of the six-headed hydra's heads off!
The five-headed hydra grows two more!
You slice the seven-headed hydra!!
The seven-headed hydra is moderately wounded.
The seven-headed hydra misses you. The seven-headed hydra bites you!
* * * LOW HITPOINT WARNING * * *
The seven-headed hydra bites you!
* * * LOW HITPOINT WARNING * * *
The seven-headed hydra closely misses you.
The seven-headed hydra bites you!
You die...

# ###.. . ###)).#
.## ###).#### #$#
##.))## . .?.
#..### .
####5#####....#
..
#$.....!#...#.#
##
###.####.###.###
#
#@Dc.$#........#
###F###.####.#...
#...#..# ##
##)##.## #)#..#
#.#..# #..F#...#
#.#.#.#....... #
#...######..


You could see a seven-headed hydra, a centaur warrior (very poisoned) and a
bullfrog.

Vanquished Creatures
  Menkaure (D:5)
  A steam dragon (D:7)
  Edmund (D:5)
  Duvessa (D:6)
  3 ogres
  A centaur (D:6)
  2 phantoms (D:4)
  Blork the orc (D:5)
  2 kobold brigands
  A bullfrog (D:7)
  2 gnoll sergeants
  2 scorpions
  Dowan (D:6)
  2 hounds (D:5)
  2 jellies (D:6)
  Ijyb (D:4)
  3 iguanas
  3 orc wizards
  Robin (D:4)
  5 gnolls
  11 adders
  4 river rats (Sewer)
  2 shadow imps
  A white imp (D:6)
  3 dart slugs
  16 orcs
  11 ball pythons
  5 endoplasms
  6 giant cockroaches
  13 goblins
  6 hobgoblins
  A jackal (Sewer)
  6 quokkas
  5 bats
  5 frilled lizards
  5 kobolds
  6 rats
142 creatures vanquished.

Vanquished Creatures (others)
  A gnoll (D:7)
  2 plants (Sewer)
3 creatures vanquished.

Grand Total: 145 creatures vanquished

Notes
Turn   | Place    | Note
-------+----------+-------------------------------------------
     0 | D:1      | gelatine the Demonspawn Venom Mage began the quest for the
                  | Orb.
     0 | D:1      | Reached XP level 1. HP: 13/13 MP: 3/3
    27 | D:1      | Reached skill level 1 in Transmutations
   349 | D:1      | Gained mutation: Your touch may inflict minor irresistible
                  | damage on your foes. [demonic ancestry]
   349 | D:1      | Reached XP level 2. HP: 15/19 MP: 0/5
   397 | D:1      | Found a faded altar of an unknown god.
   755 | D:2      | Reached XP level 3. HP: 25/25 MP: 4/6
  1680 | D:3      | Reached XP level 4. HP: 29/31 MP: 3/7
  2133 | D:3      | Reached skill level 1 in Fighting
  2133 | D:3      | Reached skill level 4 in Poison Magic
  2892 | D:4      | Learned a level 2 spell: Poisonous Vapours
  2896 | D:4      | Learned a level 3 spell: Mephitic Cloud
  3040 | D:4      | Noticed Ijyb
  3062 | D:4      | Killed Ijyb
  3063 | D:4      | Gained mutation: You sometimes gain a little power by
                  | taking damage. [demonic ancestry]
  3063 | D:4      | Reached XP level 5. HP: 33/37 MP: 9/9
  3089 | D:4      | Noticed Robin
  3200 | D:4      | Identified the amulet of Ywuing {Reflect rCorr Dex+2 SH+5}
  3287 | D:4      | Noticed a phantom
  3305 | D:4      | Killed a phantom
  3356 | D:4      | Noticed a phantom
  3368 | D:4      | Killed a phantom
  3369 | D:4      | Reached XP level 6. HP: 34/44 MP: 10/10
  3421 | D:4      | Killed Robin
  3907 | D:5      | Entered Level 5 of the Dungeon
  4094 | D:5      | Found a glowing drain.
  4110 | D:5      | Noticed Menkaure
  4144 | Sewer    | Entered a sewer
  4217 | Sewer    | Learned a level 4 spell: Olgreb's Toxic Radiance
  4237 | Sewer    | Reached skill level 5 in Poison Magic
  4610 | Sewer    | Gained mutation: Your touch may inflict irresistible damage
                  | on your foes. [demonic ancestry]
  4610 | Sewer    | Reached XP level 7. HP: 51/51 MP: 6/11
  5141 | D:5      | Killed Menkaure
  5215 | D:5      | Found a shimmering altar of Xom.
  5431 | D:5      | Noticed Edmund
  5447 | D:5      | Killed Edmund
  5566 | D:5      | Identified the +1 dagger "Hydrabane" {heavy, +Blink rPois
                  | Dex-4}
  5765 | D:5      | Noticed Blork the orc
  5779 | D:5      | Killed Blork the orc
  5780 | D:5      | Gained mutation: You have a somewhat thin skeletal
                  | structure. (Dex +2, Stealth+) [demonic ancestry]
  5780 | D:5      | Reached XP level 8. HP: 58/58 MP: 0/13
  6084 | D:6      | Reached skill level 1 in Shields
  6115 | D:6      | Noticed Duvessa
  6115 | D:6      | Noticed Dowan
  6132 | D:6      | Killed Duvessa
  6132 | D:6      | Killed Dowan
  6133 | D:6      | Reached skill level 6 in Poison Magic
  7254 | D:6      | Found a staircase to the Ecumenical Temple.
  7260 | Temple   | Entered the Ecumenical Temple
  7596 | Temple   | Became a worshipper of Sif Muna the Loreminder
  7825 | D:7      | Identified the +1 ring mail "Teipt" {Harm Int+4}
  8243 | D:7      | Reached skill level 1 in Conjurations
  8243 | D:7      | Gained mutation: You have a moderately thin skeletal
                  | structure. (Dex +4, Stealth++) [demonic ancestry]
  8243 | D:7      | Reached XP level 9. HP: 59/65 MP: 6/15
  8257 | D:7      | Reached skill level 1 in Air Magic
  8328 | D:7      | Noticed a centaur warrior
  8338 | D:7      | Noticed a six-headed hydra
  8341 | D:7      | HP: 3/65 [seven-headed hydra (13)]
  8341 | D:7      | Mangled by a seven-headed hydra

Illustrated notes

Levels and vault maps discovered:
D:1:      lemuel_arrival_broad_hall, layout_basic,
          shapermc_ecumenical_altar_venn
D:2:      layout_loops_ring
D:3:      layout_loops_ring, minmay_misc_feat_enclosed, serial_park_tiny_pond,
          nicolae_hexahallways, hangedman_decor_growths, minmay_cupped
D:4:      minmay_angry_zag, layout_layer_cave, uniq_ijyb, uniq_robin
D:5:      layout_loops_cross, xom_teletrap_fun, gup_sewer_entry_glass,
          uniq_edmund, uniq_menkaure, uniq_blork_the_orc
D:6:      layout_basic, minmay_temple_entry_fiery, nicolae_zen_rock_garden,
          hangedman_glass_teeth, kennysheep_dice, uniq_duvessa
D:7:      minmay_the_grid_four_pointed_star
          [minmay_the_grid_triangle_9x9_warning,
          minmay_the_grid_triangle_9x9_alien,
          minmay_the_grid_triangle_9x9_limited_checkers,
          minmay_the_grid_triangle_9x9_skeleton,
          minmay_the_grid_prize_diamond_cup], layout_loops_ring, uniq_joseph
Temple:   nicolae_temple_slightly_damp_pantheon

Skill      XL: |  1  2  3  4  5  6  7  8  9 |
---------------+----------------------------+-----
Transmutations | 1 2 4 |  4.9
Dodging        | 2 3 4 |  4.4
Fighting       | 1 2 3 |  3.8
Poison Magic   | 4 5 6 |  6.8
Stealth        | 2 |  2.4
Spellcasting   | 3 4 |  4.4
Shields        | 1 |  1.2
Conjurations   | 1 |  1.6
Air Magic      | 1 |  1.1
Short Blades   | |  0.9
Long Blades    | |  0.8
Armour         | |  0.4
Unarmed Combat | |  0.1
Evocations     | |  0.6

Action                     |  1- 3 |  4- 6 |  7- 9 || total
---------------------------+-------+-------+-------++-------
  Melee: Dagger            |    17 |    56 |    19 ||    92
         Punch             |     1 |     2 |     1 ||     4
         Touch             |     4 |    15 |     9 ||    28
         Unarmed           |       |    10 |       ||    10
         Demon blade       |       |       |    42 ||    42
   Cast: Sting             |    58 |   132 |    88 ||   278
         Poisonous Vapours |       |     3 |     3 ||     6
         Mephitic Cloud    |       |     2 |     8 ||    10
         Olgreb's Toxic Ra |       |       |    13 ||    13
    Use: Scroll            |       |     9 |     3 ||    12
         Potion            |       |       |    11 ||    11
   Stab: Confused          |       |     2 |     1 ||     3
 Armour: Robe              |     8 |    25 |    13 ||    46
         Skin              |       |     3 |       ||     3
         Leather armour    |       |       |     7 ||     7
  Dodge: Dodged            |    23 |    52 |    62 ||   137
  Block: Other             |       |    20 |    23 ||    43

Table legend: (Time is in decaauts)
 A = Elapsed time spent in this place.
 B = Non-inter-level travel time spent in this place.
 C = Inter-level travel time spent in this place.
 D = Time resting spent in this place.
 E = Time spent auto-exploring this place.
 F = Levels seen in this place.
 G = Mean time per level.
                   A        B        C        D        E       F      G
               +--------+--------+--------+--------+--------+-----+--------+
         Total |   8450 |   8084 |    366 |      0 |   6704 |   9 |  938.9 |
       Dungeon |   7069 |   6882 |    187 |      0 |   5677 |   7 | 1009.9 |
        Temple |    356 |    177 |    179 |      0 |    144 |   1 |  356.0 |
         Sewer |   1024 |   1024 |      0 |      0 |    883 |   1 | 1024.0 |
               +--------+--------+--------+--------+--------+-----+--------+

Top non-repeatable levels by time:
     D:6: 1575 daAuts
     D:3: 1232 daAuts
     D:5: 1212 daAuts
     D:4: 1132 daAuts
   Sewer: 1024 daAuts
     D:2: 924 daAuts
     D:1: 623 daAuts
     D:7: 369 daAuts
  Temple: 356 daAuts
